 Dungeon Crawl Stone Soup version 0.27-a0-1290-g15d3ce7508 (webtiles) character file.

Game seed: 14913349398033198908

10236 Glokmah the Fighter (level 11, -1/87 HPs)
             Began as a Djinni Fire Elementalist on June 15, 2021.
             Was an Initiate of Ashenzari.
             Slain by a minotaur (3 damage)
             ... in a Gauntlet.
             The game lasted 00:30:09 (12027 turns).

Glokmah the Fighter (Djinni Fire Elementalist)     Turns: 12027, Time: 00:30:09

Health: -1/87      AC: 11    Str:  5    XL:     11   Next: 89%
Gold:   363        EV: 12    Int: 23    God:    Ashenzari [......] SH:  6 Dex: 14

rFire    + + .     SeeInvis .   r - +8 trident "Rokam" {vorpal, +Blink rC+}
rCold    . . .     Faith    .   l - +1 buckler
rNeg     + + +     Spirit   .   w - +3 leather armour of Divine Compulsion {rPois rN+ Regen+ Stlth+}
rPois    ∞         Reflect  .   n - +0 helmet "Thunder Perfect Mind" {Fort, Range} (curse)
rElec    .         Harm     +   y - scarf {harm}
rCorr    .         Rampage  .   D - +2 pair of gloves
Will     ++++.     NoTele   +   (boots unavailable)
Stlth    ++++......             (no amulet)
HPRegen  1.24/turn              C - ring "Ecexe" {Wiz rN++ Will+++ Str-5 Stlth+}
MPRegen  0.00/turn              A - +6 ring of intelligence

@: flying
A: sickness immunity, fire resistance 2, cold vulnerability 1, float, innate
caster, hp casting, extra vitality 1
a: Renounce Religion, Evoke Blink, Curse Item, Shatter the Chains


You were in a Gauntlet.
You worshipped Ashenzari.
Ashenzari was noncommittal.
You visited 3 branches of the dungeon, and saw 10 of its levels.
You also visited: Gauntlet.

You collected 488 gold pieces.
You spent 125 gold pieces at shops.

Inventory:

Hand Weapons
 g - a +2 mace of draining
 r - the +8 trident "Rokam" (weapon) {vorpal, +Blink rC+}
   (You found it on level 8 of the Dungeon)

   It inflicts extra damage upon your enemies.
   It protects you from cold.
   It lets you blink.
Missiles
 d - 2 boomerangs
 i - 274 stones
 u - 2 boomerangs of dispersal
 G - 28 poisoned darts
Armour
 l - a +1 buckler (worn)
 n - the cursed +0 helmet "Thunder Perfect Mind" (worn) {Fort, Range}
   (You found it on level 2 of the Dungeon)

   It has a curse which improves the following skills: Fortitude: Armour and
   Shields.
   Ranged Combat: Slings, Bows, Crossbows and Throwing.
 w - the +3 leather armour of Divine Compulsion (worn) {rPois rN+ Regen+ Stlth+}
   (You found it on level 6 of the Dungeon)

   It protects you from poison.
   It protects you from negative energy.
   It increases your rate of health regeneration.
   It makes you more stealthy.
 y - a scarf of harm (worn)
 D - a +2 pair of gloves (worn)
 E - a scarf of repulsion
 H - the +0 helmet of the Spheres {Drain Int+6 Stlth+}
   (You found it in a Gauntlet)

   It affects your intelligence (+6).
   It drains your maximum health when unequipped.
   It makes you more stealthy.
Magical Staves
 k - a staff of earth
Jewellery
 A - a +6 ring of intelligence (right hand)
 B - a ring of willpower
 C - the ring "Ecexe" (left hand) {Wiz rN++ Will+++ Str-5 Stlth+}
   (You acquired it on level 8 of the Dungeon)

   [ring of wizardry]

   It improves your spell success rate.
   It affects your strength (-5).
   It greatly protects you from negative energy.
   It greatly increases your willpower.
   It makes you more stealthy.
Wands
 e - a wand of paralysis (17)
 j - a wand of polymorph (11)
Scrolls
 p - a scroll of fog
 s - 4 scrolls of teleportation
Potions
 a - a potion of brilliance
 b - 2 potions of haste
 h - a potion of berserk rage
 m - 4 potions of attraction
 o - 2 potions of mutation
 q - a potion of cancellation
 t - a potion of resistance
 v - a potion of magic
 x - a potion of invisibility
 z - a potion of might


   Skills:
 * Level 11.2 Fighting
 + Level 5.2(5.8) Armour
 + Level 3.0 Dodging
 - Level 1.5 Stealth
 - Level 3.8(4.3) Shields
 * Level 9.1 Spellcasting
 + Level 3.9 Evocations


You couldn't memorise any spells.
You knew the following spells:

 Your Spells              Type           Power      Damage    Failure   Level
a - Foxfire               Conj/Fire      100%       2x1d9     1%          1
b - Conjure Flame         Conj/Fire      51%        6-21      1%          3
c - Inner Flame           Hex/Fire       51%        N/A       1%          3
d - Sticky Flame          Conj/Fire      51%        2d7       1%          4
e - Fireball              Conj/Fire      25%        3d11      2%          5
f - Poisonous Vapours     Pois/Air       100%       N/A       1%          2
g - Static Discharge      Conj/Air       51%        N/A       1%          2
h - Alistair's Intoxicat  Tmut/Pois      34%        N/A       2%          5
i - Lesser Beckoning      Tloc           25%        N/A       1%          3
j - Summon Small Mammal   Summ           100%       N/A       1%          1
Your spell library was empty.

Dungeon Overview and Level Annotations

Branches:
Dungeon (8/15)             Temple (1/1) D:4            Lair (1/6) D:8
Gauntlet (1/1)

Altars:
Ashenzari
Cheibriados
Dithmenos
Elyvilon
Fedhas
Gozag
Hepliaklqana
Kikubaaqudgha
Makhleb
Nemelex Xobeh
Okawaru
Qazlal
Ru
Sif Muna
Trog
Uskayaw
Vehumet
Wu Jian
Xom
Yredelemnul
Zin
The Shining One

Shops:
D:4 [   D:6 ((

Annotations:
Gauntlet 6 transporters


Innate Abilities, Weirdness & Mutations

You are immune to sickness and miasma.
You are immune to poison.
Your flesh is very heat resistant. (rF++)
You are vulnerable to cold. (rC-)
You float through the air rather than walking.
You learn spells naturally, not from books.
Your magical power is your life essence.
You have superior vitality. (+4 HP)


Message History

You block the minotaur's attack.
You blink.
Unknown command.
Okay, then.
Okay, then.
As you read the scroll of fear, it crumbles to dust.
You assume a fearsome visage.
The minotaur easily resists.
Flame seeps out of the minotaur.
The minotaur throws a javelin.
The javelin closely misses you.
Found a wand of iceblast (6).
Found a gate leading back out of this place.
Okay, then.
As you read the scroll of fog, it crumbles to dust.
The scroll dissolves into smoke.
The minotaur is engulfed in blazing flames.
Flame seeps out of the minotaur.
You feel better.
Flame seeps out of the minotaur.
The minotaur hits you with a +2 vorpal scimitar.
* * * LOW HITPOINT WARNING * * *
x2 The minotaur misses you.
Unknown command.
Casting: Inner Flame (safe; 1% risk of failure)
Confirm with . or Enter, or press ? or * to list all spells.
Aiming: Sticky Flame (mildly dangerous; 1% risk of failure)
Press: ? - help, Shift-Dir - straight line, f/p - minotaur
Aim: a minotaur, wielding a +2 vorpal scimitar, wearing a +0 plate armour and quivering javelins (blue smoke, lightly wounded, inner flame, poisoned, 100% to hit)
The sticky flame hits the minotaur.
Flame seeps out of the minotaur.
The minotaur is moderately wounded.
The minotaur is covered in liquid flames!
* * * LOW HITPOINT WARNING * * *
The minotaur burns!
Flame seeps out of the minotaur.
You block the minotaur's attack.
The minotaur gores you but does no damage.
Flame seeps out of the minotaur.
The minotaur burns!
Flame seeps out of the minotaur.
You feel jittery for a moment.
The minotaur burns!
Flame seeps out of the minotaur.
The minotaur hits you with a +2 vorpal scimitar!
* * * LOW HITPOINT WARNING * * *
You die...

.#.≈##...# )#.≈≈#.8.#
##.≈##...# §#.###.8.#
##..##...# .#...#.8.#
########## .#.∩.#...#
#........#
##...#.©.####.######.#
...8.#......#.#§@H§#.#
##...#.©.##.#.####§#.#
J#.∩.#...##.#....§§#.#
.#...#.8.##.########.#
=#..##...##..........#
©#.###.8.#############
!#.≈##...# ##.≈≈#.8.#
.#.≈##


You could see a minotaur (inner flame, burning, poisoned).

Vanquished Creatures
  The ghost of anet the Nimble, a novice SpMo of Ashenzari (D:8)
  A black mamba (Lair:1)
  A torpor snail (Gauntlet)
  The ghost of philipeq the Fighter, a novice DsFi (D:4)
  A komodo dragon (Lair:1)
  Psyche (D:8)
  A raiju (Gauntlet)
  2 hornets
  14 flying skulls (Gauntlet)
  6 yaks (Gauntlet)
  5 steam dragons
  2 wargs (D:8)
  A hornet zombie (D:8)
  2 black bears (D:6)
  2 sky beasts
  3 ogres
  2 orc warriors
  3 necrophages
  2 centaurs
  2 kobold brigands
  A spectral wyvern (D:7)
  2 bullfrogs
  2 scorpions (D:5)
  5 killer bees
  16 wights
  A howler monkey (D:8)
  3 bullfrog zombies
  2 centaur zombies (D:8)
  3 hounds
  3 orc priests
  3 centaur skeletons
  3 iguanas
  11 orc wizards
  A howler monkey zombie (D:8)
  A mummy (D:6)
  A howler monkey skeleton (D:8)
  7 adders
  4 gnolls (D:4)
  A shadow imp (D:7)
  2 adder skeletons (D:4)
  A worm (D:5)
  2 dart slugs
  21 orcs
  4 bats
  8 endoplasms
  6 goblins
  8 hobgoblins
  2 quokkas
  5 ball pythons
  4 frilled lizards
  18 kobolds
  2 kobold zombies (D:6)
  2 orc zombies (D:6)
  A rat (D:1)
209 creatures vanquished.

Vanquished Creatures (collateral kills)
  3 foxfires (D:7)
3 creatures vanquished.

Vanquished Creatures (others)
  548 foxfires
  7 fungi
  18 plants
573 creatures vanquished.

Grand Total: 785 creatures vanquished

Notes
Turn   | Place    | Note
-------+----------+-------------------------------------------
     0 | D:1      | Glokmah the Djinni Fire Elementalist began the quest for
                  | the Orb.
     0 | D:1      | Reached XP level 1. HP: 15/15 MP: 0/0
   303 | D:1      | Reached XP level 2. HP: 19/22 MP: 0/0
   580 | D:1      | Reached skill level 1 in Fighting
   777 | D:2      | Identified the Handbook of the Blaze and Contamination
   838 | D:2      | Reached XP level 3. HP: 16/27 MP: 0/0
   838 | D:2      | Learned a level 1 spell: Summon Small Mammal
   972 | D:2      | Found a faded altar of an unknown god.
  1144 | D:2      | Reached XP level 4. HP: 30/33 MP: 0/0
  1287 | D:2      | Reached skill level 2 in Fighting
  2338 | D:4      | Reached XP level 5. HP: 28/39 MP: 0/0
  2338 | D:4      | Learned a level 2 spell: Static Discharge
  2340 | D:4      | Reached skill level 1 in Shields
  2453 | D:4      | Noticed a steam dragon
  2891 | D:4      | HP: 1/39 [orc (4)]
  3313 | D:4      | Killed a steam dragon
  3314 | D:4      | Reached skill level 3 in Fighting
  3314 | D:4      | Reached XP level 6. HP: 23/46 MP: 0/0
  3736 | D:4      | Found Vanacw's Antique Armour Shoppe.
  3758 | D:4      | Reached XP level 7. HP: 37/50 MP: 0/0
  3758 | D:4      | Learned a level 2 spell: Poisonous Vapours
  3770 | D:4      | Bought a runed leather armour for 125 gold pieces
  4005 | D:4      | Found a basalt altar of Yredelemnul.
  4137 | D:4      | Found a runed translucent gate.
  4137 | D:4      | Found a runed translucent gate.
  4137 | D:4      | Found a runed translucent gate.
  4139 | D:4      | Noticed philipeq's ghost (novice DsFi)
  4335 | D:4      | Found a staircase to the Ecumenical Temple.
  4348 | Temple   | Entered the Ecumenical Temple
  4645 | Temple   | Became a worshipper of Ashenzari the Shackled
  4829 | D:5      | Entered Level 5 of the Dungeon
  4905 | D:5      | Reached skill level 4 in Fighting
  5230 | D:5      | Found a bloodstained altar of Trog.
  5652 | D:5      | Reached XP level 8. HP: 42/58 MP: 0/0
  6430 | D:6      | Reached skill level 5 in Fighting
  6845 | D:6      | Found an opulent altar of Gozag.
  6894 | D:6      | Reached skill level 5 in Spellcasting
  6950 | D:6      | Reached skill level 6 in Fighting
  7230 | D:6      | Reached XP level 9. HP: 63/68 MP: 0/0
  7230 | D:6      | Learned a level 3 spell: Lesser Beckoning
  7280 | D:6      | Found Hithru's Weapon Shoppe.
  7284 | D:6      | Found Hylemo's Antique Weapon Shop.
  7409 | D:6      | Identified the +3 leather armour of Divine Compulsion
                  | {rPois rN+ Regen+ Stlth+}
  7436 | D:6      | Reached * piety under Ashenzari
  7512 | D:6      | Reached skill level 7 in Fighting
  8158 | D:7      | Reached skill level 8 in Fighting
  8775 | D:7      | Found a white marble altar of Elyvilon.
  9097 | D:8      | Noticed a hornet
  9103 | D:7      | Killed a hornet
  9309 | D:8      | Identified a scroll of acquirement
  9318 | D:8      | Acquired the ring "Ecexe" {Wiz rN++ Will+++ Str-5 Stlth+}
  9350 | D:8      | Reached skill level 1 in Armour
  9357 | D:8      | Reached XP level 10. HP: 76/78 MP: 0/0
  9451 | D:8      | Found a staircase to the Lair.
  9454 | D:8      | Noticed Psyche
  9480 | D:8      | Killed Psyche
  9481 | D:8      | Reached skill level 9 in Fighting
  9586 | D:8      | Identified the +8 trident "Rokam" {vorpal, +Blink rC+}
  9654 | D:8      | Identified the Incunabulum of Earthen Conjuration
  9654 | D:8      | Found a runed translucent gate.
  9654 | D:8      | Found a runed translucent gate.
  9654 | D:8      | Found a runed translucent gate.
  9655 | D:8      | Noticed anet's ghost (novice SpMo)
 10429 | D:8      | Killed anet's ghost
 10430 | D:8      | Reached skill level 10 in Fighting
 10430 | D:8      | Reached skill level 1 in Evocations
 11034 | D:4      | Reached XP level 11. HP: 80/85 MP: 0/0
 11034 | D:4      | Learned a level 5 spell: Alistair's Intoxication
 11063 | D:4      | Killed philipeq's ghost
 11339 | Lair:1   | Entered Level 1 of the Lair of Beasts
 11359 | Lair:1   | Found a gate leading to a gauntlet.
 11381 | Gauntlet | Entered a Gauntlet
 11381 | Gauntlet | Found a transporter.
 11381 | Gauntlet | Found a transporter.
 11386 | Gauntlet | Noticed a moth of wrath
 11407 | Gauntlet | Found a transporter.
 11410 | Gauntlet | Found a transporter.
 11420 | Gauntlet | Found a transporter.
 11422 | Gauntlet | Found a transporter.
 11428 | Gauntlet | Found a runed translucent gate.
 11430 | Gauntlet | Found a transporter.
 11431 | Gauntlet | Identified the +0 helmet of the Spheres {Drain Int+6
                  | Stlth+}
 11431 | Gauntlet | Found a runed translucent gate.
 11431 | Gauntlet | Found a runed translucent gate.
 11446 | Gauntlet | Noticed a quicksilver ooze
 11449 | Gauntlet | Found a transporter.
 11450 | Gauntlet | Identified the +2 plate armour of Roave {rN+++ Will+ Int+2
                  | Dex-4}
 11467 | Gauntlet | Found a transporter.
 11471 | Gauntlet | Found a transporter.
 11479 | Gauntlet | Found a transporter.
 11483 | Gauntlet | Found a transporter.
 11786 | Gauntlet | HP: 3/86 [torpor snail (19)]
 11892 | Gauntlet | Reached skill level 5 in Armour
 11894 | Gauntlet | Reached skill level 11 in Fighting
 12011 | Gauntlet | Noticed a minotaur
 12027 | Gauntlet | HP: 2/87 [minotaur (20)]
 12027 | Gauntlet | Slain by a minotaur

Illustrated notes

Levels and vault maps discovered:
D:1:      scummos_arrival_checkerplants, layout_rooms,
          chequers_serial_rivers_small_3
D:2:      layout_basic, hellmonk_ecumenical_altar_leap_of_faith, minmay_vboxes
D:3:      layout_rooms
D:4:      layout_basic, general_overflow_altar,
          minmay_temple_entry_gardened_gates, serial_shops, nicolae_shop_stone,
          gammafunk_ghost_nasty_kobolds, serial_bayou_lagoon_a,
          chequers_serial_rivers_micro_d
D:5:      layout_basic, trog_hazing_becter
D:6:      layout_gridville, grunt_gozag_statues, serial_shops, shop_statue,
          shop, minmay_mini_ossuary
D:7:      layout_basic, kennysheep_little_box, serial_bayou_pond_a
D:8:      layout_basic, erik_lair_orcish_takeover, serial_undead,
          serial_undead_a, serial_undead_a, serial_undead_d, serial_undead_a,
          gammafunk_ghost_necromancy, uniq_psyche
Temple:   regret_index_temple_mists
Lair:1:   layout_roguey, gauntlet_entry_generic, special_room
          [special_room_bee], serial_forest, infiniplex_forest_clump_small,
          infiniplex_forest_3_way, infiniplex_forest_clump_large,
          infiniplex_forest_diagonal, infiniplex_forest_diagonal
Gauntlet: minmay_gauntlet_77_indecision [minmay_gauntlet_arena_77_fan,
          minmay_gauntlet_arena_77_p_blocks,
          minmay_gauntlet_arena_77_chump_sandwich,
          minmay_gauntlet_arena_77_two_paths,
          minmay_gauntlet_arena_77_run_for_it,
          minmay_gauntlet_arena_77_squiggly, gauntlet_exit_spiral]

Skill      XL: |  1  2  3  4  5  6  7  8  9 10 11 |
---------------+----------------------------------+-----
Fighting       | 1 2 3 4 6 8 10 11 | 11.2
Spellcasting   | 3 4 5 7 8 9 |  9.1
Dodging        | 3 |  3.0
Shields        | 2 3 |  3.8
Armour         | 1 3 5 |  5.2
Evocations     | 1 3 |  3.9
Stealth        | |  1.5

Action                   |  1- 3 |  4- 6 |  7- 9 | 10-12 || total
-------------------------+-------+-------+-------+-------++-------
Melee: Mace              |     5 |    10 |    21 |     4 ||    40
       Short sword       |     1 |       |       |       ||     1
       Trident           |       |       |       |     8 ||     8
 Cast: Foxfire           |    37 |    83 |   166 |    53 ||   339
       Inner Flame       |       |     2 |    14 |    11 ||    27
       Conjure Flame     |       |     1 |       |       ||     1
       Poisonous Vapours |       |       |    10 |     5 ||    15
       Fireball          |       |       |     4 |    41 ||    45
       Sticky Flame      |       |       |     3 |    37 ||    40
       Alistair's Intoxi |       |       |       |    10 ||    10
       Static Discharge  |       |       |       |     2 ||     2
Invok: Curse Item        |       |       |     2 |       ||     2
       Shatter the Chain |       |       |       |     1 ||     1
 Abil: Evoke Blink       |       |       |       |     5 ||     5
  Use: Scroll            |       |    11 |     1 |     4 ||    16
       Potion            |       |     2 |       |     4 ||     6
 Stab: Sleeping          |     1 |       |       |       ||     1
Armor: Robe              |     1 |       |       |       ||     1
       Leather armour    |       |     9 |    28 |    49 ||    86
       Steam dragon scal |       |     2 |       |       ||     2
Dodge: Dodged            |     9 |    27 |    47 |    98 ||   181
Block: Buckler           |       |       |       |    32 ||    32

Table legend: (Time is in decaauts)
 A = Elapsed time spent in this place.
 B = Non-inter-level travel time spent in this place.
 C = Inter-level travel time spent in this place.
 D = Time resting spent in this place.
 E = Time spent auto-exploring this place.
 F = Levels seen in this place.
 G = Mean time per level.
                   A        B        C        D        E       F      G
               +--------+--------+--------+--------+--------+-----+--------+
         Total |  12071 |  10763 |   1308 |   2078 |   6610 |  11 | 1097.4 |
       Dungeon |  11066 |   9915 |   1151 |   1931 |   6331 |   8 | 1383.2 |
        Temple |    305 |    148 |    157 |      0 |    145 |   1 |  305.0 |
          Lair |     42 |     42 |      0 |      0 |      0 |   1 |   42.0 |
      Gauntlet |    657 |    657 |      0 |    147 |    134 |   1 |  657.0 |
               +--------+--------+--------+--------+--------+-----+--------+

Top non-repeatable levels by time:
     D:4: 2122 daAuts
     D:5: 1988 daAuts
     D:7: 1762 daAuts
     D:8: 1254 daAuts
     D:6: 1198 daAuts
     D:2: 1117 daAuts
     D:3: 940 daAuts
     D:1: 682 daAuts
Gauntlet: 657 daAuts
  Temple: 305 daAuts
  Lair:1: 42 daAuts
